 Dungeon Crawl Stone Soup version 0.22-a0-159-g7ce444f (webtiles) character file.

170 Gildeon the Chopper (level 5, -4/45 HPs)
             Began as a Minotaur Fighter on Feb 9, 2018.
             Slain by a gnoll
             ... wielding a cursed -1 halberd
              (8 damage)
             ... on level 3 of the Dungeon.
             The game lasted 00:06:53 (1875 turns).

Gildeon the Chopper (Minotaur Fighter)              Turns: 1875, Time: 00:06:54

Health: -4/45      AC: 12    Str: 26    XL:     5   Next: 26%
Magic:  4/4        EV:  6    Int:  5    God:
Gold:   122        SH: 10    Dex: 10    Spells: 4/4 levels left

rFire    . . .     SeeInvis .   a - +1 war axe
rCold    . . .     Gourm    .   c - +0 shield
rNeg     . . .     Faith    .   k - +0 chain mail
rPois    .         Spirit   .   (helmet restricted)
rElec    .         Reflect  .   e - +0 cloak
rCorr    +         Harm     .   j - +1 pair of gloves
MR       .....                  (no boots)
Stlth    ..........             (no amulet)
HPRegen  0.15/turn              b - ring of resist corrosion
MPRegen  0.09/turn              (no ring)

@: mighty
A: retaliatory headbutt, horns 2
a: no special abilities


You were on level 3 of the Dungeon.
You were not hungry.

You visited 1 branch of the dungeon, and saw 3 of its levels.

You collected 122 gold pieces.

Inventory:

Hand Weapons
 a - a +1 war axe (weapon)
Armour
 c - a +0 shield (worn)
 e - a +0 cloak (worn)
 j - a +1 pair of gloves (worn)
 k - a +0 chain mail (worn)
Jewellery
 b - a ring of resist corrosion (left hand)
Potions
 d - a potion of might
 g - a potion of lignification {unknown}
 h - 2 potions of flight
 i - a potion of ambrosia {unknown}
 l - a potion of heal wounds {unknown}
 m - a potion of magic {unknown}
 n - a potion of mutation {unknown}
Comestibles
 f - 4 rations
 o - 16 chunks of flesh


   Skills:
 - Level 3.6 Fighting
 + Level 6.7 Axes
 - Level 3.6 Armour
 - Level 3.6 Shields


You had 4 spell levels left.
You didn't know any spells.

Dungeon Overview and Level Annotations

Branches:
Dungeon (3/15)

Altars:


Innate Abilities, Weirdness & Mutations

You reflexively headbutt those who attack you in melee.
You have a pair of horns on your head.


Message History

The orc barely misses you. You furiously retaliate!
You headbutt the orc!
You kill the orc!
You block the gnoll's attack. The gnoll closely misses you.
Items here: )) [ † a whip; a ring mail; a club; an orc corpse You slash the gnoll!
You kill the gnoll!
The gnoll hits you but does no damage.
You closely miss the gnoll. The gnoll hits you but does no damage.
The gnoll hits you from afar with an enchanted halberd!
* * * LOW HITPOINT WARNING * * *
You slash the gnoll!
You kill the gnoll!
You block the gnoll's attack.
The gnoll hits you with an enchanted halberd.
* * * LOW HITPOINT WARNING * * *
Things that are here:
a club; a halberd; a gnoll corpse The gnoll hits you with an enchanted halberd!
You die...

## .####.###
##
........##.#
#.#@#.#
#(.g# ##)##
#)# #)# #.#
#.# #.# #.#
#.# #.# #.#
#.#


You could see a gnoll.

Vanquished Creatures
  An orc wizard (D:3)
  2 gnolls (D:3)
  5 adders
  A worm (D:3)
  A dart slug (D:3)
  2 leopard geckos
  9 orcs (D:3)
  4 giant cockroaches
  9 goblins
  6 hobgoblins
  9 kobolds
  5 bats
  3 frilled lizards
  6 rats
63 creatures vanquished.

Notes
Turn   | Place    | Note
-------+----------+-------------------------------------------
     0 | D:1      | Gildeon the Minotaur Fighter began the quest for the Orb.
     0 | D:1      | Reached XP level 1. HP: 19/19 MP: 0/0
   247 | D:1      | Reached skill level 3 in Axes
   298 | D:1      | Reached XP level 2. HP: 26/26 MP: 1/1
   471 | D:1      | Reached skill level 4 in Axes
   756 | D:2      | Reached XP level 3. HP: 19/31 MP: 2/2
  1194 | D:2      | Reached skill level 5 in Axes
  1469 | D:2      | Reached XP level 4. HP: 39/39 MP: 3/3
  1806 | D:3      | Reached skill level 6 in Axes
  1861 | D:3      | Reached XP level 5. HP: 14/45 MP: 4/4
  1875 | D:3      | Slain by a gnoll

Vault maps used:
D:1:      wheals_arrival_shading, minmay_tromino_mix6
D:2:      first_ration

Skill      XL: |  1  2  3  4 |
---------------+-------------+-----
Axes           | 3 4 5 6 |  6.7
Fighting       | |  3.6
Armour         | |  3.6
Shields        | |  3.6

Action                   |  1- 3 |  4- 6 || total
-------------------------+-------+-------++-------
Melee: War axe           |    76 |    59 ||   135
       Headbutt          |     9 |     8 ||    17
  Use: Scroll            |     6 |       ||     6
       Potion            |       |     1 ||     1
  Eat: Ration            |     1 |       ||     1
       Chunk             |     1 |       ||     1
Armor: Scale mail        |    28 |       ||    28
       Chain mail        |    15 |    27 ||    42
Dodge: Dodged            |    13 |     7 ||    20
Block: Shield            |    40 |    20 ||    60

Table legend:
 A = Spawn XP
 B = Non-spawn XP
 C = Spawn XP percentage of total XP
 D = Spawn monster count
 E = Non-spawn monster count
 F = Spawn count percentage of total count
 G = Total turns spent on level
                    A         B        C        D         E        F      G
               +---------+---------+-------+---------+---------+-------+---------
         Total |       0 |     244 |   0.0 |       0 |      63 |   0.0 |  1875
               +---------+---------+-------+---------+---------+-------+---------
           D:1 |       0 |      32 |   0.0 |       0 |      24 |   0.0 |   729
           D:2 |       0 |      70 |   0.0 |       0 |      19 |   0.0 |   936
           D:3 |       0 |     142 |   0.0 |       0 |      20 |   0.0 |   210
               +---------+---------+-------+---------+---------+-------+---------
